 Dungeon Crawl Stone Soup version 0.27-a0-828-g8289197e94 (webtiles) character file.

Game seed: 17134323053964135705

37908 porpoise the Destroyer (level 13, -1/76 HPs)
             Began as a Deep Elf Conjurer on Mar 31, 2021.
             Was a High Priest of Vehumet.
             Slain by a meliai
             ... wielding a +0 war axe
              (21 damage)
             ... on level 13 of the Dungeon.
             The game lasted 01:47:17 (21318 turns).

porpoise the Destroyer (Deep Elf Conjurer)         Turns: 21318, Time: 01:47:18

Health: -1/76      AC:  6    Str:  6    XL:     13   Next: 60%
Magic:  23/28      EV: 19    Int: 33    God:    Vehumet [*****.]
Gold:   1035       SH:  7    Dex: 19    Spells: 14/30 levels left

rFire    + . .     SeeInvis .   b - +1 hunting sling (flame)
rCold    . . .     Faith    .   f - +1 buckler
rNeg     + . .     Spirit   .   i - +2 robe {rC+}
rPois    .         Reflect  .   t - +0 helmet
rElec    +         Harm     .   (no cloak)
rCorr    .         Rampage  .   (no gloves)
Will     +....                  s - +0 pair of boots
Stlth    ++++......             v - amulet of magic regeneration
HPRegen  0.22/turn              O - +6 ring of dexterity
MPRegen  0.46/turn              I - ring "Ogretel" {Fire +Blink rElec rN+ Int+6}

@: about to teleport, studying Dodging
A: no striking features
a: Renounce Religion, Evoke Blink


You were on level 13 of the Dungeon.
You worshipped Vehumet.
Vehumet was extremely pleased with you.
You visited 3 branches of the dungeon, and saw 18 of its levels.
You also visited: Gauntlet.

You collected 1035 gold pieces.

Inventory:

Hand Weapons
 a - the +10 morningstar of Nuah {vorpal, rC+ Int+2}
   (You found it on level 3 of the Lair of Beasts)

   It inflicts extra damage upon your enemies.
   It affects your intelligence (+2).
   It protects you from cold.
 b - a +1 hunting sling of flaming (weapon)
Missiles
 c - 45 sling bullets
 d - a throwing net
 e - 574 stones (quivered ammo)
 n - 7 boomerangs
 H - 9 curare-tipped darts
Armour
 f - a +1 buckler (worn)
 i - a +2 robe of cold resistance (worn)
 s - a +0 pair of boots (worn)
 t - a +0 helmet (worn)
 T - a +2 robe of fire resistance
Jewellery
 v - an amulet of magic regeneration (around neck)
 w - a ring of ice
 y - a ring of resist corrosion
 I - the ring "Ogretel" (right hand) {Fire +Blink rElec rN+ Int+6}
   (You found it on level 3 of the Lair of Beasts)

   [ring of fire]

   It enhances your fire magic.
   It affects your intelligence (+6).
   It protects you from fire.
   It makes you vulnerable to cold.
   It insulates you from electricity.
   It protects you from negative energy.
   It lets you blink.
 O - a +6 ring of dexterity (left hand)
Wands
 g - a wand of random effects (14)
 r - a wand of iceblast (6)
 E - a wand of digging (20)
 Q - a wand of acid (9)
Scrolls
 u - 5 scrolls of teleportation
 z - a scroll of fear {unknown}
 A - a scroll of torment {unknown}
 B - a scroll of acquirement {unknown}
 D - a scroll of holy word {unknown}
 F - 3 scrolls of magic mapping
 G - a scroll of fog {unknown}
 M - 3 scrolls of vulnerability
 X - a scroll of immolation {unknown}
Potions
 h - 2 potions of might
 k - 4 potions of attraction
 l - a potion of cancellation
 o - 6 potions of curing
 p - 5 potions of haste
 q - a potion of flight {unknown}
 x - a potion of magic {unknown}
 K - a potion of mutation {unknown}
 L - 3 potions of lignification
 N - a potion of ambrosia {unknown}
 U - a potion of heal wounds
Miscellaneous
 j - a condenser vane


   Skills:
 - Level 7.0 Fighting
 + Level 11.3 Dodging
 - Level 7.0 Stealth
 - Level 7.0 Shields
 - Level 9.0 Spellcasting
 - Level 12.0 Conjurations
 + Level 11.8 Hexes
 - Level 9.0 Translocations
 - Level 7.0 Evocations


You had 14 spell levels left.
You knew the following spells:

 Your Spells              Type           Power      Damage    Failure   Level
a - Magic Dart            Conj           100%       1d8       0%          1
b - Searing Ray           Conj           100%       3d7       1%          2
c - Fulminant Prism       Conj/Hex       37%        3d18      1%          4
d - Iskenderun's Mystic   Conj/Tloc      71%        2d14      1%          4
s - Iskenderun's Battles  Conj           76%        2d12      1%          5

Your spell library contained the following spells:

 Spells                   Type           Power      Damage    Failure   Level
 Starburst                Conj/Fire      34%        8x6d10    11%         6
 Dazzling Flash           Conj/Hex       100%       N/A       1%          3
 Animate Skeleton         Necr           28%        N/A       3%          1
 Pain                     Necr           56%        1d6       3%          1
 Vampiric Draining        Necr           7%         2d7       10%         3
 Animate Dead             Necr           7%         N/A       30%         4
 Agony                    Necr           14%        N/A       65%         5


Dungeon Overview and Level Annotations

Branches:
Dungeon (13/15)            Temple (1/1) D:5            Lair (4/6) D:11
  Swamp (0/4) Lair:3        Snake (0/4) Lair:3          Orc (0/2) D:9
 Vaults (0/5) D:13        Gauntlet (visited)

Altars:
Ashenzari
Cheibriados
Dithmenos
Elyvilon
Fedhas
Gozag
Hepliaklqana
Kikubaaqudgha
Makhleb
Nemelex Xobeh
Okawaru
Qazlal
Ru
Sif Muna
Uskayaw
Vehumet
Wu Jian
Xom
Yredelemnul
Zin
The Shining One

Portals:
Trove: D:12 (give +6 demon whip)

Annotations:
D:4 exclusion: door
D:5 1 runed translucent door, rageheart7's ghost, weakling DrDe
D:7 2 transporters, snetch's ghost, novice TrFi
Lair:3 exclusion: 3 downstairs
Lair:4 Nessos


Message History

Your surroundings suddenly seem different.
Casting: Iskenderun's Mystic Blast (safe; 1% risk of failure)
Confirm with . or Enter, or press ? or * to list all spells.
Aiming: Searing Ray (safe; 1% risk of failure)
Press: ? - help, Shift-Dir - straight line, f - centaur
Aim: a centaur, wielding a +2 shortbow of flaming and quivering arrows (almost dead, 10% to evade)
The searing ray hits the centaur!
You kill the centaur!
Vehumet accepts your kill.
You feel your power returning. (Press . to maintain the ray.)
You start resting.
Magic restored.
You start resting.
A meliai comes into view. It is wielding a +0 war axe.
Casting: Searing Ray (safe; 1% risk of failure)
Confirm with . or Enter, or press ? or * to list all spells.
You erupt in a blast of force!
The mystic blast hits the meliai!
The meliai is severely wounded.
The meliai is knocked back by the mystic blast.
You hear a roar!
You hear an angry buzzing noise.
The meliai drinks a potion.
The meliai is healed!
Casting: Iskenderun's Mystic Blast (safe; 1% risk of failure)
Confirm with . or Enter, or press ? or * to list all spells.
Aiming: Searing Ray (safe; 1% risk of failure)
Press: ? - help, Shift-Dir - straight line, f - meliai
Aim: a meliai, wielding a +0 war axe and wearing a +0 robe (26% to evade)
The searing ray hits the meliai!
The meliai is moderately wounded. (Press . to maintain the ray.)
The searing ray hits the meliai!
The meliai is severely wounded.
The meliai hits you with a +0 war axe. The meliai stings you!
* * * LOW HITPOINT WARNING * * *
A meliai comes into view. It is wielding a +0 hand axe.
The meliai barely misses you. You block the meliai's attack.
A wizard comes into view. It is wielding a +0 dagger.
As you read the scroll of teleportation, it crumbles to dust.
You feel strangely unstable. The meliai hits you with a +0 war axe!!
You die...

.. ###########
..# #..........
....###..........
....#............
.................
.................
#.........)....
#....@y........
..p.#####y..#####
. #...#...#
#...#)..#
#...#)).# y
#.∩D)...# c.
#...#...# #'#
....
#...#...#c..#
###....
#...#...cy..#


You could see a wizard and 2 meliai.

Vanquished Creatures
  The ghost of Sizxitze the Nimble, a journeyman MfMo of Fedhas (Lair:3)
  Fannar (Lair:3)
  4 hydras (Lair:3)
  A catoblepas (Lair:3)
  4 two-headed ogres
  Nergalle (Lair:2)
  A necromancer (D:13)
  Pikel (D:8)
  A deep elf pyromancer (D:13)
  An ugly thing (D:12)
  2 cyclopes
  A manticore (D:13)
  6 elephants (Lair:2)
  4 black mambas
  8 cane toads
  A torpor snail (Lair:3)
  5 rime drakes
  A freezing wraith (D:12)
  Psyche (D:9)
  4 komodo dragons
  2 trolls
  2 polar bears
  A meliai (D:13)
  6 slime creatures (D:12)
  A blink frog (Lair:3)
  A wraith (D:9)
  A vampire (D:11)
  2 spriggans (Lair:2)
  38 yaks
  9 wyverns
  Grum (D:8)
  2 basilisks
  3 steam dragons
  4 vampire mosquitoes
  A hydra simulacrum (Lair:3)
  12 water moccasins
  An ice beast (D:6)
  6 orc warriors
  2 black mamba simulacra (Lair:3)
  A black bear (shapeshifter) (D:13)
  A necrophage (D:4)
  3 ogres
  2 wolves (D:8)
  13 centaurs
  2 phantoms
  16 bullfrogs
  A kobold brigand (D:9)
  2 scorpions
  A water moccasin zombie (D:7)
  A cane toad simulacrum (Lair:3)
  A dream sheep simulacrum (Lair:3)
  12 wights
  3 electric eels
  4 centaur zombies
  5 hounds
  A jelly (D:5)
  A bullfrog skeleton (D:7)
  A wyvern simulacrum (Lair:3)
  A centaur skeleton (D:7)
  7 orc priests
  A water moccasin simulacrum (Lair:3)
  3 iguanas
  A gnoll shaman (D:6)
  Natasha (D:3)
  11 orc wizards
  A yak simulacrum (Lair:3)
  A basilisk simulacrum (Lair:3)
  Robin (D:3)
  2 howler monkey zombies
  7 gnolls
  7 adders
  2 white imps
  An ufetubus (D:6)
  A worm (D:2)
  The ghost of jasper the Sneak, a weakling MiDe (D:6)
  2 dart slugs
  32 orcs
  6 ball pythons
  8 endoplasms
  5 giant cockroaches
  21 goblins
  9 hobgoblins
  4 jackals (D:1)
  10 kobolds
  3 quokkas
  7 bats
  12 frilled lizards
  6 rats
  A bush (D:8)
  A fulminant prism (Lair:2)
391 creatures vanquished.

Vanquished Creatures (others)
  124 fulminant prisms
  31 fungi
  62 plants
  2 withered plants (D:5)
219 creatures vanquished.

Grand Total: 610 creatures vanquished

Notes
Turn   | Place    | Note
-------+----------+-------------------------------------------
     0 | D:1      | porpoise the Deep Elf Conjurer began the quest for the Orb.
     0 | D:1      | Reached XP level 1. HP: 10/10 MP: 6/6
   192 | D:1      | Reached XP level 2. HP: 15/15 MP: 5/8
   548 | D:1      | Reached skill level 5 in Conjurations
   548 | D:1      | Reached XP level 3. HP: 19/19 MP: 8/10
   567 | D:1      | Learned a level 2 spell: Searing Ray
  2155 | D:3      | Found a hide-covered altar of Uskayaw.
  2204 | D:3      | Reached XP level 4. HP: 24/24 MP: 7/12
  2243 | D:3      | Learned a level 4 spell: Fulminant Prism
  2248 | D:3      | Learned a level 4 spell: Iskenderun's Mystic Blast
  2449 | D:3      | Noticed Natasha
  2454 | D:3      | Killed Natasha
  2455 | D:3      | Reached skill level 5 in Spellcasting
  2801 | D:3      | Reached skill level 6 in Conjurations
  2801 | D:3      | Reached XP level 5. HP: 28/28 MP: 8/14
  3013 | D:3      | Noticed Robin
  3021 | D:3      | Reached skill level 1 in Fighting
  3022 | D:3      | Killed Robin
  3376 | D:4      | Noticed an ogre
  3385 | D:4      | Killed an ogre
  3447 | D:4      | Reached XP level 6. HP: 35/35 MP: 12/15
  3778 | D:4      | Reached skill level 7 in Conjurations
  4050 | D:4      | Noticed a moth of wrath
  4243 | D:5      | Entered Level 5 of the Dungeon
  4304 | D:5      | Reached skill level 1 in Hexes
  4304 | D:5      | Reached XP level 7. HP: 41/41 MP: 11/16
  4340 | D:5      | Found an ornate altar of the Wu Jian Council.
  4371 | D:5      | Found a staircase to the Ecumenical Temple.
  4383 | Temple   | Entered the Ecumenical Temple
  4550 | D:5      | Found a glowing silver altar of Zin.
  5477 | D:5      | Found a runed translucent door.
  5478 | D:5      | Noticed rageheart7's ghost (weakling DrDe)
  5596 | D:5      | Found an iron altar of Okawaru.
  6014 | D:6      | Reached skill level 5 in Hexes
  6014 | D:6      | Reached XP level 8. HP: 48/48 MP: 6/17
  6177 | D:6      | Reached skill level 5 in Fighting
  6551 | D:6      | Reached skill level 1 in Shields
  6924 | D:6      | Reached skill level 1 in Translocations
  6974 | D:6      | Noticed jasper's ghost (weakling MiDe)
  6978 | D:6      | Found a runed translucent gate.
  6978 | D:6      | Found a runed translucent gate.
  6978 | D:6      | Found a runed translucent gate.
  7247 | D:6      | Killed jasper's ghost
  7508 | D:6      | Found a sparkling altar of Nemelex Xobeh.
  7543 | D:6      | Reached XP level 9. HP: 54/54 MP: 12/18
  7841 | D:6      | Found a shimmering blue altar of Sif Muna.
  7842 | D:6      | Found an ancient bone altar of Kikubaaqudgha.
  7845 | D:6      | Found a radiant altar of Vehumet.
  7850 | D:6      | Identified Kikubaaqudgha's Guide on Darkness
  7865 | D:6      | Became a worshipper of Vehumet
  8072 | D:7      | Found a transporter.
  8075 | D:7      | Noticed a six-headed hydra
  8080 | D:7      | Noticed snetch's ghost (novice TrFi)
  8092 | D:7      | Found a basalt altar of Yredelemnul.
  8098 | D:7      | Found a transporter.
  8128 | D:7      | Reached skill level 5 in Translocations
  8486 | D:7      | Reached skill level 5 in Dodging
  8816 | D:7      | Found a sacrificial altar of Ru.
  9127 | D:7      | Found a blossoming altar of Fedhas.
  9392 | D:8      | Reached skill level 1 in Evocations
  9589 | D:8      | Noticed Grum
  9598 | D:8      | Killed Grum
  9599 | D:8      | Reached skill level 8 in Conjurations
  9624 | D:8      | Noticed Pikel
  9633 | D:8      | Killed Pikel
  9783 | D:8      | Reached XP level 10. HP: 59/59 MP: 14/19
  9852 | D:8      | Reached skill level 9 in Conjurations
  9852 | D:8      | Reached skill level 5 in Evocations
  9873 | D:8      | Reached * piety under Vehumet
  9873 | D:8      | Offered knowledge of Shock by Vehumet.
 10923 | D:9      | Reached skill level 5 in Stealth
 11228 | D:9      | Noticed Psyche
 11234 | D:9      | Killed Psyche
 11503 | D:9      | Found a glowing golden altar of the Shining One.
 11581 | D:9      | Found a broken altar of Ashenzari.
 11650 | D:9      | Reached ** piety under Vehumet
 11650 | D:9      | Offered knowledge of Sandblast by Vehumet.
 11831 | D:9      | Found a staircase to the Orcish Mines.
 12066 | D:10     | Entered Level 10 of the Dungeon
 12493 | D:10     | Noticed a two-headed ogre
 12501 | D:10     | Killed a two-headed ogre
 12502 | D:10     | Reached XP level 11. HP: 29/63 MP: 12/23
 12677 | D:10     | Identified the +6 battleaxe of Xupro {pain, Int+4}
 13440 | D:11     | Offered knowledge of Ignite Poison by Vehumet.
 13451 | D:11     | Found a gate leading to a gauntlet.
 13455 | D:11     | Noticed a two-headed ogre
 13468 | D:11     | Killed a two-headed ogre
 13490 | Gauntlet | Entered a Gauntlet
 13490 | Gauntlet | Found a transporter.
 13490 | Gauntlet | Found a transporter.
 13490 | Gauntlet | Noticed an eight-headed hydra
 13490 | Gauntlet | Noticed a necromancer
 13491 | Gauntlet | Found a transporter.
 13491 | Gauntlet | Found a transporter.
 13494 | Gauntlet | Found a transporter.
 13507 | Gauntlet | Found a transporter.
 13518 | Gauntlet | Found a transporter.
 13524 | Gauntlet | Found a transporter.
 13531 | Gauntlet | Found a transporter.
 13553 | Gauntlet | Found a transporter.
 13642 | Gauntlet | Found a transporter.
 13879 | D:11     | Noticed a two-headed ogre
 13884 | D:11     | Killed a two-headed ogre
 13963 | D:11     | Found a staircase to the Lair.
 14457 | Lair:1   | Entered Level 1 of the Lair of Beasts
 14715 | Lair:1   | Reached skill level 5 in Shields
 15370 | Lair:1   | Reached *** piety under Vehumet
 15778 | Lair:2   | Noticed Nergalle
 15998 | Lair:2   | Killed Nergalle
 16006 | Lair:2   | Reached skill level 10 in Conjurations
 16006 | Lair:2   | Reached XP level 12. HP: 53/68 MP: 10/24
 16293 | Lair:2   | Offered knowledge of Inner Flame by Vehumet.
 16573 | Lair:2   | Reached skill level 11 in Conjurations
 17357 | Lair:3   | Found a staircase to the Swamp.
 17415 | Lair:3   | Noticed a seven-headed hydra
 17424 | Lair:3   | Killed a seven-headed hydra
 17728 | Lair:3   | Found a staircase to the Snake Pit.
 17888 | Lair:3   | Reached skill level 12 in Conjurations
 17920 | Lair:3   | Noticed Fannar
 17934 | Lair:3   | Killed Fannar
 17968 | Lair:3   | Reached **** piety under Vehumet
 18056 | Lair:3   | Noticed an eight-headed hydra
 18063 | Lair:3   | Killed an eight-headed hydra
 18150 | Lair:3   | Noticed a seven-headed hydra
 18161 | Lair:3   | Killed a seven-headed hydra
 18170 | Lair:3   | Offered knowledge of Iskenderun's Battlesphere by Vehumet.
 18176 | Lair:3   | Reached XP level 13. HP: 52/76 MP: 14/27
 18288 | Lair:3   | Learned a level 5 spell: Iskenderun's Battlesphere
 18316 | Lair:3   | Found a runed translucent gate.
 18318 | Lair:3   | Found a runed translucent gate.
 18319 | Lair:3   | Found a runed translucent gate.
 18321 | Lair:3   | Noticed Sizxitze's ghost (journeyman MfMo)
 18346 | Lair:3   | Found a runed translucent door.
 19262 | Lair:3   | Killed Sizxitze's ghost
 19335 | Lair:3   | Reached skill level 10 in Hexes
 19431 | Lair:3   | Identified the ring "Ogretel" {Fire +Blink rElec rN+ Int+6}
 19447 | Lair:3   | Identified the +10 morningstar of Nuah {vorpal, rC+ Int+2}
 19670 | Lair:4   | Noticed Nessos
 19993 | D:12     | Found a burning altar of Makhleb.
 20239 | D:12     | Found a portal to a secret trove of treasure.
 20335 | D:12     | Reached ***** piety under Vehumet
 20555 | D:12     | Offered knowledge of Starburst by Vehumet.
 20691 | D:13     | Reached skill level 10 in Dodging
 21285 | D:13     | Found a gate to the Vaults.
 21318 | D:13     | Slain by a meliai

Illustrated notes

Levels and vault maps discovered:
D:1:      psy_arrival_fountain, layout_basic, serial_glass, glass_columns_c,
          glass_columns_c, nrook_uturn
D:2:      layout_basic
D:3:      layout_basic, eat_drink_and_be_merry_uskayaw, uniq_robin, uniq_natasha
D:4:      layout_loops_ring, tgw_trog, minmay_misc_feat_room
D:5:      layout_basic, okawaru_altar_gauntlet_db,
          nicolae_overflow_crystal_walls, zin_statuary,
          minmay_temple_entry_glassed_door, enter_ossuary_1,
          gammafunk_ghost_grave, minivault_4
D:6:      layout_loops_ring, grunt_temple_overflow_magic_moments,
          old_standard_altar, gammafunk_ghost_split, minmay_lizard_king
D:7:      layout_cave_pods, overflow_temple_1_default,
          nicolae_ru_the_path_less_chosen, gammafunk_ghost_arena, fedhas_altar_1
D:8:      lemuel_upstairs_altar, layout_basic, kb_lookout_dungeons_type,
          uniq_grum, uniq_pikel
D:9:      layout_loops_ring, lemuel_crystal_altar, kennysheep_mini_moat,
          orc_0_dummy, nicolae_underground_beach, uniq_psyche
D:10:     layout_irregular_city, minivault_4, minmay_misc_feat_secret_circle
D:11:     layout_gridville, david_lair_shrubbed, gauntlet_entry_generic
D:12:     layout_rooms, nicolae_trove_entry_columns, kennysheep_flooded_box
D:13:     minmay_angry_zag, layout_rooms, david_vaults_1, chequers_arboretum
Temple:   nicolae_temple_figure_zero
Lair:1:   layout_cellular_growth, lemuel_fruit_tree, grunt_megastairs_1,
          infiniplex_staircase_pool_2
Lair:2:   wad_woods_tower, layout_gridlike, minmay_stone_trees_small,
          uniq_nergalle
Lair:3:   layout_regular_city, swamp_mist_pool, dummy_snake_entry,
          gammafunk_ghost_icy, chequers_serial_rivers_micro_c, st_stairs_11,
          pf_torpor_hydra, uniq_fannar
Lair:4:   layout_loops_ring, infiniplex_staircase_pool, lemuel_fruit_fields,
          uniq_nessos

Skill      XL: |  1  2  3  4  5  6  7  8  9 10 11 12 13 |
---------------+----------------------------------------+-----
Spellcasting   | 4 5 7 8 9 |  9.0
Conjurations   | 5 6 7 8 9 10 12 | 12.0
Fighting       | 2 3 4 5 7 |  7.0
Hexes          | 1 5 7 9 11 | 11.8
Shields        | 3 4 6 7 |  7.0
Translocations | 3 5 6 9 |  9.0
Dodging        | 5 8 9 11 | 11.3
Evocations     | 4 5 6 7 |  7.0
Stealth        | 5 7 |  7.0

Action                   |  1- 3 |  4- 6 |  7- 9 | 10-12 | 13-15 || total
-------------------------+-------+-------+-------+-------+-------++-------
Melee: Hunting sling     |       |       |     2 |       |       ||     2
       Whip              |       |       |     3 |    24 |       ||    27
 Fire: Hunting sling     |       |    37 |    69 |    86 |     8 ||   200
 Cast: Magic Dart        |    70 |    12 |       |     1 |    33 ||   116
       Searing Ray       |     4 |    24 |    70 |   124 |    37 ||   259
       Fulminant Prism   |       |       |    10 |    88 |    27 ||   125
       Iskenderun's Myst |       |       |       |    13 |    16 ||    29
       Iskenderun's Batt |       |       |       |       |     9 ||     9
Evoke: Wand              |       |       |       |       |     2 ||     2
  Use: Scroll            |       |     6 |     3 |     6 |     4 ||    19
       Potion            |       |       |     1 |       |     1 ||     2
Armor: Robe              |     1 |     1 |    13 |     4 |     1 ||    20
Dodge: Dodged            |     2 |     9 |    51 |    75 |    16 ||   153
Block: Buckler           |       |       |    10 |    25 |    10 ||    45

Table legend: (Time is in decaauts)
 A = Elapsed time spent in this place.
 B = Non-inter-level travel time spent in this place.
 C = Inter-level travel time spent in this place.
 D = Time resting spent in this place.
 E = Time spent auto-exploring this place.
 F = Levels seen in this place.
 G = Mean time per level.
                   A        B        C        D        E       F      G
               +--------+--------+--------+--------+--------+-----+--------+
         Total |  21367 |  20611 |    756 |   7607 |   9855 |  19 | 1124.6 |
       Dungeon |  15572 |  15092 |    480 |   5638 |   7365 |  13 | 1197.8 |
        Temple |    123 |    113 |     10 |      0 |    113 |   1 |  123.0 |
          Lair |   5437 |   5172 |    265 |   1968 |   2375 |   4 | 1359.2 |
      Gauntlet |    234 |    234 |      0 |      0 |      1 |   1 |  234.0 |
               +--------+--------+--------+--------+--------+-----+--------+

Top non-repeatable levels by time:
  Lair:3: 2209 daAuts
     D:5: 1833 daAuts
     D:6: 1792 daAuts
  Lair:1: 1579 daAuts
     D:8: 1547 daAuts
  Lair:2: 1452 daAuts
     D:1: 1311 daAuts
     D:7: 1273 daAuts
     D:9: 1223 daAuts
     D:3: 1205 daAuts
    D:10: 1203 daAuts
     D:4: 1054 daAuts
    D:11: 1009 daAuts
    D:12: 753 daAuts
     D:2: 728 daAuts
